AoeStats
← otoro1218

Arena

508596670Analyzed
2v2 RM · 10d ago on Sep 23, 2026· 44m 55s· 4 players
Game mode
Random Map
Map size
Medium (4 player)
Population
200
Speed
Normal
Resources
Standard
Victory
Conquest
Starting age
Dark Age
Ending age
Imperial Age
RankedLock teamsTeams togetherTeam positionsShared explorationLock speedFull tech treeHidden civsTurbo modeCheats
Victory
Defeat
🇹🇼 Byzantines · Taiwan
1012
+15
🇹🇼 Turks · Taiwan
1001
+16
🇵🇪 Goths · Peru
1002
-16
🇨🇦 Varangians · Canada
998
-15
E1GHTZ
3:06 Loom
13:28 Feudal Age
14:48 Double-Bit Axe
14:47 Horse Collar
16:20 Stone Mining
16:22 Gold Mining
20:37 Castle Age
20:46 Wheelbarrow
26:34 Town Watch
26:47 Treadmill Crane
27:58 Hand Cart
33:17 Imperial Age
32:05 Stone Shaft Mining
32:55 Town Patrol
33:14 Forging
33:05 Scale Mail Armor
33:11 Scale Barding Armor
32:57 Fletching
33:08 Padded Archer Armor
33:34 Ballistics
34:34 Conscription
33:39 Gothikon
36:02 Heavy Plow
36:16 Bow Saw
35:49 Pikeman
36:33 Squires
36:19 Gambesons
36:20 Arson
36:18 Halberdier
38:28 Elite Skirmisher
39:20 Elite Jarl
40:45 Iron Casting
40:26 Chain Mail Armor
40:32 Chain Barding Armor
40:08 Bodkin Arrow
40:29 Leather Archer Armor
Ramírez0511
10:20 Feudal Age
11:45 Wheelbarrow
10:58 Double-Bit Axe
12:11 Gold Mining
14:34 Horse Collar
16:19 Loom
19:24 Castle Age
18:04 Stone Mining
20:48 Hand Cart
20:35 Heavy Plow
20:47 Bow Saw
21:15 Stone Shaft Mining
32:57 Imperial Age
31:56 Squires
31:20 Pikeman
32:05 Scale Mail Armor
32:16 Forging
31:56 Fletching
33:09 Chain Mail Armor
32:58 Padded Archer Armor
32:53 Town Watch
34:45 Chemistry
34:07 Ballistics
34:21 Conscription
34:55 Town Patrol
35:32 Crop Rotation
36:22 Two-Man Saw
35:53 Masonry
37:22 Architecture
37:35 Iron Casting
36:56 Bodkin Arrow
37:17 Leather Archer Armor
37:27 Halberdier
38:56 Bracer
39:57 Blast Furnace
39:09 Perfusion
otoro1218
11:20 Feudal Age
9:35 Loom
13:12 Double-Bit Axe
14:59 Gold Mining
18:12 Castle Age
18:04 Horse Collar
22:54 Bow Saw
24:12 Heavy Plow
24:47 Fletching
25:32 Bodkin Arrow
27:41 Wheelbarrow
26:54 Town Watch
27:55 Ballistics
31:36 Imperial Age
31:52 Stone Mining
32:40 Gold Shaft Mining
32:34 Hand Cart
33:08 Artillery
34:05 Husbandry
34:18 Bloodlines
34:30 Forging
34:48 Fortified Wall
35:01 Bracer
37:53 Conscription
39:30 Iron Casting
39:02 Scale Barding Armor
38:40 Elite Janissary
39:56 Town Patrol
41:56 Chain Barding Armor
42:44 Bombard Tower
45:26 Caravan
chenshengyu
11:25 Feudal Age
16:13 Castle Age
14:21 Double-Bit Axe
17:34 Bow Saw
21:59 Wheelbarrow
23:15 Horse Collar
23:41 Gold Mining
27:22 Heavy Plow
27:46 Hand Cart
31:16 Imperial Age
29:15 Scale Mail Armor
29:26 Forging
30:19 Gold Shaft Mining
29:35 Stone Mining
29:50 Fletching
30:00 Padded Archer Armor
30:17 Chain Mail Armor
30:10 Scale Barding Armor
30:39 Bodkin Arrow
31:29 Husbandry
31:11 Elite Skirmisher
32:11 Leather Archer Armor
32:34 Iron Casting
32:29 Fortified Wall
32:40 Ballistics
33:21 Chemistry
32:46 Conscription
33:05 Crop Rotation
33:30 Thumb Ring
33:41 Logistica
33:59 Pikeman
34:46 Squires
34:31 Gambesons
35:35 Stone Shaft Mining
36:00 Chain Barding Armor
37:46 Halberdier
38:59 Plate Mail Armor
39:09 Plate Barding Armor
39:53 Elite Cataphract
41:11 Bracer
40:57 Treadmill Crane
42:54 Loom
45:22 Ring Archer Armor
46:04 Two-Man Saw
Connection lost

Rejoining the realm…

Still unreachable

The connection could not be restored.

Session expired

The server has moved on; the page needs a fresh start.